 Dungeon Crawl Stone Soup version 0.27-a0-1200-g94dc6ad4cf (webtiles) character file.

Game seed: 4891211193834896129

117 robertstho the Shooter (level 4, -6/38 HPs)
             Began as a Minotaur Hunter on June 1, 2021.
             Mangled by Edmund
             ... wielding a +6 flail of protection
              (18 damage)
             ... on level 4 of the Dungeon.
             The game lasted 00:02:30 (2647 turns).

robertstho the Shooter (Minotaur Hunter)            Turns: 2647, Time: 00:02:31

Health: -6/38      AC:  3    Str: 16    XL:     4   Next: 71%
Magic:  3/3        EV: 12    Int:  8    God:
Gold:   158        SH:  0    Dex: 12    Spells: 3/3 levels left

rFire    . . .     SeeInvis .   a - +1 shortbow
rCold    . . .     Faith    .   (shield currently unavailable)
rNeg     . . .     Spirit   .   c - +0 leather armour
rPois    .         Reflect  .   (helmet restricted)
rElec    .         Harm     .   (no cloak)
rCorr    .         Rampage  .   (no gloves)
Will     .....                  (no boots)
Stlth    +.........             (no amulet)
HPRegen  0.12/turn              (no ring)
MPRegen  0.08/turn              (no ring)

@: mighty, attractive
A: horns 2, retaliatory headbutt
a: no special abilities


You were on level 4 of the Dungeon.
You visited 1 branch of the dungeon, and saw 4 of its levels.

You collected 158 gold pieces.

Inventory:

Hand Weapons
 a - a +1 shortbow (weapon)
 n - a +0 long sword
Missiles
 d - 10 arrows (quivered ammo)
 l - 4 atropa-tipped darts
 o - 3 curare-tipped darts
Armour
 c - a +0 leather armour (worn)
Jewellery
 b - a ring of protection from cold
Scrolls
 f - a scroll of teleportation {unknown}
 h - a scroll of acquirement {unknown}
 i - a scroll of enchant weapon
 p - 2 scrolls of fear
Potions
 j - a potion of curing {unknown}
 k - a potion of degeneration {unknown}


   Skills:
 * Level 3.3 Fighting
 * Level 6.3 Bows
 + Level 0.5 Armour
 + Level 2.2 Dodging
 - Level 0.7 Stealth


You had 3 spell levels left.
You didn't know any spells.
Your spell library was empty.

Dungeon Overview and Level Annotations

Branches:
Dungeon (4/15)
 Temple: D:4-7

Altars:
Fedhas

Annotations:
D:4 Edmund


Innate Abilities, Weirdness & Mutations

You have a pair of horns on your head.
You reflexively headbutt those who attack you in melee.


Message History

You shoot an arrow.
The arrow hits Edmund but does no damage.
Edmund is lightly wounded.
You shoot an arrow. The arrow hits Edmund.
Edmund is lightly wounded.
No target in view!
No target in view!
No target in view!
You shoot an arrow. The arrow hits Edmund.
Edmund is lightly wounded.
You shoot an arrow. The arrow barely misses Edmund.
Edmund closely misses you. You furiously retaliate!
You headbutt Edmund. You shoot an arrow.
The arrow hits Edmund but does no damage.
Edmund is moderately wounded.
Edmund barely misses you.
You shoot an arrow.
The arrow hits Edmund but does no damage.
Edmund is moderately wounded.
Edmund barely misses you. You furiously retaliate!
You headbutt Edmund! You shoot an arrow. The arrow hits Edmund!
Edmund is severely wounded.
You shoot an arrow.
The arrow hits Edmund but does no damage.
Edmund is severely wounded.
Edmund hits you with a +6 flail of protection!
You shoot an arrow.
The arrow hits Edmund but does no damage.
Edmund is severely wounded.
Edmund hits you with a +6 flail of protection!
* * * LOW HITPOINT WARNING * * *
You are too injured to fight recklessly!
You are too injured to fight recklessly!
It was a potion of attraction.
You feel attractive to monsters. Edmund closely misses you.
It was a potion of might.
You feel very mighty all of a sudden.
Edmund hits you with a +6 flail of protection!!
You die...

# ##...## #. ###..#.#
#. ###...##.#
#..##...####.# #
##....### #..# ###.
.. #......# #.##
##... .. ...####.#
#.# #?.##.# ## #.##
#.####.....#
#.†###(...@..#
#####.........@.#
..................###
..########........(.#
#....######(#
.................
###...########..(#
#...# ### #..##


You could see Edmund.

Vanquished Creatures
  A hound (D:4)
  A bullfrog skeleton (D:2)
  2 worms (D:2)
  2 dart slugs (D:1)
  5 orcs
  4 endoplasms
  3 giant cockroaches
  3 goblins
  3 hobgoblins
  4 kobolds
  6 ball pythons
  5 bats
  5 frilled lizards
  3 rats
47 creatures vanquished.

Notes
Turn   | Place    | Note
-------+----------+-------------------------------------------
     0 | D:1      | robertstho the Minotaur Hunter began the quest for the Orb.
     0 | D:1      | Reached XP level 1. HP: 18/18 MP: 0/0
   254 | D:1      | Found a faded altar of an unknown god.
   308 | D:1      | Reached XP level 2. HP: 25/25 MP: 1/1
   347 | D:1      | Reached skill level 5 in Bows
   967 | D:2      | Reached XP level 3. HP: 18/31 MP: 2/2
  1346 | D:2      | Reached XP level 4. HP: 38/38 MP: 3/3
  1654 | D:3      | Found a blossoming altar of Fedhas.
  2055 | D:3      | Reached skill level 6 in Bows
  2633 | D:4      | Noticed Edmund
  2647 | D:4      | Mangled by Edmund

Illustrated notes

Levels and vault maps discovered:
D:1:      dpeg_arrival_oval, layout_basic, basic_ecumenical_altar
D:2:      layout_basic, minmay_pentomino_t4
D:3:      layout_basic, fedhas_altar_4, serial_park_tiny_2
D:4:      layout_rooms, zin_scriptorium, serial_shops, shop,
          kennysheep_cross_room, uniq_edmund

Skill      XL: |  1  2  3  4 |
---------------+-------------+-----
Bows           | 5 6 |  6.3
Fighting       | 3 |  3.3
Armour         | |  0.5
Dodging        | |  2.2
Stealth        | |  0.7

Action                   |  1- 3 |  4- 6 || total
-------------------------+-------+-------++-------
Melee: Long sword        |       |     2 ||     2
       Headbutt          |       |     1 ||     1
 Fire: Shortbow          |    78 |    46 ||   124
  Use: Scroll            |       |     3 ||     3
       Potion            |       |     2 ||     2
Armor: Leather armour    |     1 |     1 ||     2
Dodge: Dodged            |     8 |    12 ||    20
       Rpst.: Long sword |       |     1 ||     1

Table legend: (Time is in decaauts)
 A = Elapsed time spent in this place.
 B = Non-inter-level travel time spent in this place.
 C = Inter-level travel time spent in this place.
 D = Time resting spent in this place.
 E = Time spent auto-exploring this place.
 F = Levels seen in this place.
 G = Mean time per level.
                   A        B        C        D        E       F      G
               +--------+--------+--------+--------+--------+-----+--------+
         Total |   2649 |   2509 |    140 |      0 |   2248 |   4 |  662.2 |
       Dungeon |   2649 |   2509 |    140 |      0 |   2248 |   4 |  662.2 |
               +--------+--------+--------+--------+--------+-----+--------+

Top non-repeatable levels by time:
     D:3: 938 daAuts
     D:1: 863 daAuts
     D:2: 724 daAuts
     D:4: 122 daAuts
